Map: Divergence LE

Players

Massa

  • Race: Terran Terran
  • League: Gold
  • Spawn Location: 5:00

qqq

  • Race: Zerg Zerg
  • League: Platinum
  • Spawn Location: 5:00

theswatdk - Winner!

  • Race: Zerg Zerg
  • Spawn Location: 11:00

Kirkez - Winner!

  • Race: Protoss Protoss
  • League: Diamond
  • Spawn Location: 11:00

VOD

Have the link to the VOD?

Description

Time

  • Played on: June 9, 2020, 7:45 a.m.
  • Length: 22:50
Show
View Real Time Build Order
Export as new Build Order

Massa Terran 

Build Orders:  

Get SALT Encoding   

  12  0:13  Supply Depot  
  12  0:14  SCV  
  13  0:26  SCV  
  14  0:36  Barracks  
  14  0:39  SCV  
  15  0:54  SCV  
  16  1:06  SCV  
  17  1:18  SCV  
  18  1:23  Supply Depot  
  18  1:24  Marine  
  19  1:30  SCV  
  19  1:37  Barracks  
  19  1:39  Barracks  
  19  1:42  SCV, Marine  
  21  1:49  Barracks  
  21  1:54  SCV  
  21  2:00  Marine  
  23  2:04  Refinery  
  23  2:11  Orbital Command  
  23  2:27  Marine x2  
  23  2:28  Marine  
  23  2:29  Supply Depot  
  26  2:39  Marine  
  27  2:44  Marine x2  
  27  2:46  Marine  
  30  2:57  Marine  
  31  3:02  Marine x2  
  31  3:03  Marine  
  34  3:10  Supply Depot  
  34  3:15  Marine  
  35  3:20  Marine x2  
  35  3:21  Marine  
  34  3:48  Marine x4  
  31  4:06  Marine x4  
  32  4:17  Factory  
  32  4:24  Marine x4  
  32  4:41  Marine  
  32  4:42  Marine x3  
  32  4:59  Marine x3  
  33  5:00  Marine  
  33  5:04  Factory Tech Lab  
  36  5:17  Engineering Bay, Marine x2  
  36  5:18  Barracks Tech Lab  
  38  5:26  Marine  
  39  5:35  Marine x2  
  41  5:44  Marine  
  42  5:53  Marine  
  42  5:54  Missile Turret  
  44  5:58  Stimpack  
  44  6:06  Marauder  
  44  6:08  Barracks Reactor  
  45  6:12  Terran Infantry Weapons Level 1  
  45  6:13  Marine x2  
  45  6:14  Missile Turret  
  47  6:38  Command Center  
  47  6:46  Missile Turret  
  47  6:56  Supply Depot  
  47  7:05  Missile Turret  
  47  7:17  SCV, Marine  
  47  7:18  Marauder, Supply Depot  
  53  7:24  Barracks Tech Lab  
  53  7:26  Missile Turret  
  53  7:29  SCV  
  52  7:32  Barracks Reactor  
  52  7:36  Refinery  
  52  7:38  Combat Shield  
  52  7:39  Marauder  
  52  7:41  Supply Depot  
  52  7:42  SCV, Concussive Shells  
  55  7:46  Missile Turret  
  57  7:51  Marauder, Marine x2  
  57  7:54  SCV  
  57  7:55  SCV  
  61  8:00  Marauder  
  63  8:06  SCV, Terran Infantry Armor Level 1  
  63  8:07  SCV, Missile Turret  
  63  8:09  Marine x2  
  63  8:12  Marine  
  68  8:18  SCV  
  68  8:19  SCV  
  70  8:21  Marine x3  
  70  8:24  Siege Tank  
  70  8:27  Marine x2  
  76  8:30  Refinery, SCV, Marine  
  76  8:31  SCV  
  81  8:39  Marine x2  
  83  8:42  SCV  
  83  8:43  Armory  
  85  8:50  Orbital Command  
  85  8:54  SCV  
  85  8:56  Supply Depot  
  85  9:02  Supply Depot  
  85  9:18  Siege Tank  
  85  9:20  Supply Depot  
  85  9:25  Supply Depot  
  62  9:42  Supply Depot  
  62  9:56  Marauder x2, Marine x2  
  68  10:05  Supply Depot  
  59  10:10  Marine x2  
  59  10:13  Thor  
  53  10:14  Marine x2  
  53  10:17  Marauder  
  53  10:18  Marauder  
  59  10:27  Marine  
  59  10:28  Marine  
  61  10:32  Marine x2  
  63  10:39  Marauder x2  
  63  10:42  Refinery  
  64  10:54  Command Center  
  64  10:55  SCV  
  64  10:56  SCV  
  66  11:00  Marauder x2, Thor  
  66  11:03  Marine x2  
  78  11:07  SCV  
  78  11:08  SCV, Terran Vehicle Weapons Level 1  
  80  11:14  Terran Infantry Weapons Level 2  
  80  11:19  SCV  
  80  11:20  SCV  
  80  11:22  Marauder  
  84  11:31  SCV  
  84  11:32  SCV  
  86  11:40  Marauder, Marine x3  
  86  11:41  Marine  
  86  11:43  SCV, Marauder  
  86  11:44  SCV  
  96  11:48  Thor  
  102  11:56  SCV  
  102  11:58  Marine x3  
  102  11:59  Marine  
  107  12:01  Marauder  
  107  12:04  Marauder, Missile Turret  
  103  12:08  Orbital Command  
  111  12:16  Refinery, Marine x3  
  111  12:20  Refinery  
  114  12:24  Missile Turret  
  114  12:31  Thor  
  114  12:32  Marauder x2, Marine  
  125  12:45  Missile Turret  
  125  12:48  Starport  
  125  12:52  Marine x3  
  125  12:53  Marauder x2  
  130  13:08  Missile Turret  
  129  13:15  Marauder  
  124  13:26  Starport  
  108  13:30  Terran Infantry Armor Level 2  
  78  13:45  Marauder x2  
  78  13:46  Marine  
  78  13:47  Marine x3  
  67  13:58  Thor  
  73  14:04  Marine  
  73  14:05  Marine x3  
  73  14:06  Marauder  
  73  14:07  Marauder  
  81  14:22  Marine x2  
  81  14:23  Marine x2  
  85  14:28  Marauder x2  
  89  14:38  Medivac x2  
  93  14:40  Marine x4  
  97  14:49  Marauder x2  
  97  14:51  Factory, Command Center  
  101  15:08  Engineering Bay, Medivac  
  101  15:11  Marauder x2, Terran Vehicle And Ship Armor Level 1  
  101  15:12  Armory  
  107  15:16  Medivac  
  107  15:18  Marine x4  
  113  15:30  Thor  
  113  15:32  Marauder x2  
  123  15:36  Marine x4  
  123  15:38  Medivac  
  129  15:46  Terran Infantry Weapons Level 3  
  129  15:53  Marauder x2  
  129  15:54  Marine x4  
  137  15:57  Factory Tech Lab  
  137  16:00  Terran Vehicle Weapons Level 2  
  137  16:04  Terran Infantry Armor Level 3  
  137  16:08  Orbital Command  
  137  16:11  Marine  
  137  16:12  Marine x3  
  137  16:15  Marauder x2  
  145  16:36  Marauder x2  
  143  16:41  Thor x2  
  151  16:58  Marauder x2, Marine  
  151  16:59  Marine x3  
  159  17:16  Marine x4  
  163  17:27  Supply Depot  
  163  17:34  Marine  
  164  17:49  Marauder x2  
  164  17:50  Supply Depot  
  97  18:06  Marine  
  97  18:07  Marine x3  
  97  18:11  Marauder x2  
  57  18:14  Supply Depot  
  57  18:15  Thor  
  63  18:24  Marine  
  63  18:25  Marine x3  
  67  18:30  Thor  
  67  18:32  Marauder x2  
  77  18:36  Supply Depot  
  77  18:42  Marine x2  
  77  18:43  Marine x2  
  81  18:54  Marauder x2  
  84  18:58  Supply Depot  
  84  19:00  Marine x4  
  78  19:15  Marauder x2  
  80  19:18  Marine x4  
  80  19:23  Supply Depot  
  70  19:26  Medivac  
  55  19:33  Factory  
  55  19:35  Marine  
  55  19:36  Marauder x2, Marine x3  
  57  19:47  Supply Depot  
  57  19:53  Marine  
  57  19:54  Marine x2  
  57  19:57  Marine  
  57  19:58  Marauder x2  
  55  20:12  Marine x2  
  55  20:13  Terran Vehicle And Ship Armor Level 2  
  55  20:15  Marine  
  55  20:19  Marauder x2  
  60  20:25  Factory Tech Lab  
  60  20:29  Marine x2  
  60  20:31  Medivac  
  60  20:33  Marine  
  65  20:40  Marauder x2  
  65  20:42  Supply Depot  
  69  20:47  Marine x2  
  176  20:50  Neosteel Armor  
  71  20:51  Marine  
  53  21:02  Marauder x2  
  56  21:16  Marine x2  
  58  21:23  Marauder x2  
  55  21:45  Marauder x2, Marine x2  
  55  21:46  Marine  
  62  21:52  SCV  
  63  21:56  Orbital Command  
  63  22:03  Marine  
  63  22:04  SCV  
  63  22:06  Marauder x2  
  57  22:27  Marauder x2  
Show
View Real Time Build Order
Export as new Build Order

qqq Zerg 

Build Orders: Hatch First, Lurkers 

Get SALT Encoding   

  12  0:04  Drone  
  13  0:10  Drone  
  14  0:38  Hatchery  
  13  0:51  Spawning Pool  
  13  0:54  Extractor  
  11  1:00  Overlord  
  11  1:04  Drone  
  11  1:09  Drone  
  13  1:15  Drone  
  14  1:38  Zergling x4  
  16  1:41  Queen  
  18  1:50  Zergling x2  
  18  1:51  Drone  
  20  2:00  Metabolic Boost  
  20  2:04  Zergling x2  
  21  2:09  Drone  
  21  2:14  Zergling x2  
  23  2:22  Overlord  
  23  2:30  Zergling x2  
  23  2:31  Zergling x2  
  25  2:42  Zergling x2  
  26  2:47  Zergling x4  
  26  2:48  Zergling x2  
  29  2:56  Zergling x4  
  31  2:59  Drone  
  32  3:11  Baneling Nest  
  31  3:21  Zergling x4  
  31  3:22  Zergling x4  
  27  3:41  Zergling x2  
  27  3:42  Zergling x8  
  31  3:52  Zergling x2  
  31  4:03  Zergling x4  
  31  4:09  Baneling x2  
  29  4:10  Baneling x3  
  29  4:13  Queen  
  30  4:27  Zergling x6  
  27  4:46  Zergling x6  
  27  4:47  Drone  
  27  4:48  Drone x2  
  33  4:58  Lair  
  32  5:11  Drone x2, Baneling x2  
  34  5:17  Drone x2  
  36  5:27  Spore Crawler  
  34  5:41  Zergling x4  
  36  5:42  Overlord  
  36  5:43  Overlord x2  
  36  5:49  Spore Crawler  
  35  5:50  Drone  
  36  6:02  Hydralisk Den  
  36  6:03  Drone x2  
  37  6:06  Drone x2  
  39  6:23  Zergling x2  
  39  6:24  Zergling x8  
  45  6:25  Drone x2  
  45  6:27  Drone  
  45  6:29  Drone  
  48  6:38  Drone  
  49  6:40  Lurker Den  
  48  6:47  Drone x3, Extractor  
  48  6:49  Hydralisk  
  52  7:02  Drone  
  52  7:04  Drone  
  54  7:18  Drone  
  54  7:19  Drone x3  
  54  7:20  Drone x2  
  54  7:22  Hatchery  
  59  7:23  Overlord  
  59  7:24  Extractor  
  58  7:52  Centrifical Hooks  
  58  8:03  Drone x2  
  60  8:08  Evolution Chamber  
  60  8:12  Drone  
  59  8:14  Hydralisk x3  
  59  8:15  Hydralisk  
  67  8:23  Overlord  
  67  8:28  Overlord x3  
  67  8:35  Grooved Spines  
  67  8:38  Zerg Missile Weapons Level 1  
  67  8:47  Drone x5  
  67  8:48  Extractor  
  71  8:50  Zergling x2  
  71  8:52  Drone x2  
  71  8:53  Queen  
  76  9:06  Lurker  
  70  9:18  Hatchery  
  67  9:24  Lurker  
  66  9:37  Hydralisk x2  
  66  9:38  Hydralisk x2  
  69  9:40  Zergling x14  
  69  9:41  Drone x3  
  81  9:46  Muscular Augments  
  81  9:53  Drone  
  81  9:54  Hydralisk  
  81  9:55  Zergling x2  
  75  10:16  Lurker x2  
  75  10:17  Lurker  
  75  10:18  Hydralisk  
  75  10:20  Zergling x6  
  75  10:21  Drone x2  
  85  10:25  Drone  
  86  10:40  Drone  
  87  10:51  Lurker  
  88  10:58  Hydralisk x4, Zergling x6  
  88  10:59  Hatchery, Hydralisk  
  88  11:00  Drone x2  
  88  11:01  Drone x7  
  88  11:03  Extractor  
  108  11:05  Spore Crawler  
  108  11:06  Extractor  
  108  11:10  Zerg Ground Armor Level 1  
  103  11:18  Infestation Pit  
  103  11:23  Hydralisk  
  103  11:25  Overlord x4  
  104  11:30  Extractor  
  103  11:37  Overlord x2  
  103  11:43  Hydralisk  
  105  11:52  Drone x7  
  105  11:53  Drone x2, Hydralisk  
  105  11:54  Hydralisk  
  114  11:55  Zergling x8  
  122  12:09  Hydralisk x5  
  122  12:11  Drone x5  
  122  12:12  Drone  
  122  12:13  Lurker  
  139  12:17  Overlord  
  139  12:18  Zergling x4  
  139  12:19  Drone x2  
  143  12:24  Drone  
  143  12:26  Queen  
  146  12:34  Lurker x3  
  146  12:45  Drone x2  
  146  12:48  Drone, Spine Crawler  
  148  12:53  Spine Crawler  
  148  12:55  Drone x3  
  148  12:56  Spore Crawler  
  149  13:04  Zerg Missile Weapons Level 2  
  149  13:08  Hydralisk x2  
  149  13:09  Hydralisk x2  
  149  13:10  Drone x3, Zergling x4  
  149  13:11  Drone x3  
  165  13:13  Lurker  
  108  13:51  Lurker x3  
  108  13:52  Hydralisk x4  
  108  13:53  Drone, Zergling x4  
  108  13:54  Drone x6  
  121  13:58  Hive  
  121  14:03  Drone x2  
  123  14:20  Queen  
  123  14:21  Drone x3  
  123  14:22  Drone x3  
  123  14:23  Overlord  
  131  14:25  Hydralisk x3  
  137  14:35  Drone x3  
  140  14:40  Spire  
  140  14:41  Drone x4  
  140  14:42  Hydralisk  
  140  14:43  Hydralisk x7  
  140  14:44  Zergling x2  
  160  14:55  Drone  
  160  14:57  Zergling x6  
  164  15:08  Drone x7  
  164  15:09  Hydralisk  
  164  15:13  Overseer  
  173  15:14  Pneumatized Carapace  
  173  15:16  Overlord x3  
  173  15:18  Hatchery  
  173  15:20  Hatchery, Zerg Ground Armor Level 2  
  173  15:21  Hatchery, Lurker x4  
  173  15:23  Hatchery  
  173  15:49  Hydralisk  
  173  15:50  Hydralisk  
  173  15:51  Zergling x8  
  173  15:52  Drone x3  
  173  15:53  Drone x3  
  187  15:58  Mutalisk x2  
  187  16:02  Adaptive Talons  
  191  16:11  Ultralisk Cavern  
  190  16:14  Hydralisk  
  190  16:15  Drone, Zergling x2, Evolution Chamber  
  190  16:16  Drone x2, Zergling x6  
  198  16:19  Overlord x2  
  198  16:25  Extractor  
  197  16:26  Extractor  
  181  16:58  Spine Crawler  
  181  16:59  Seismic Spines  
  181  17:00  Spine Crawler  
  169  17:01  Spore Crawler  
  169  17:02  Spine Crawler  
  153  17:29  Spine Crawler x2  
  148  17:31  Ultralisk x6  
  148  17:32  Ultralisk x2  
  148  17:34  Anabolic Synthesis  
  148  17:36  Zerg Melee Weapons Level 1  
  196  17:38  Zerg Ground Armor Level 3  
  196  17:39  Hydralisk  
  196  17:41  Zergling x4  
  196  17:42  Overlord  
  196  17:43  Overlord  
  200  18:16  Chitinous Plating  
  200  18:32  Spine Crawler  
  200  18:33  Spine Crawler  
  158  18:55  Ultralisk x2  
  124  18:56  Ultralisk x6  
  124  19:01  Zergling x4  
  124  19:02  Zergling x10  
  164  19:18  Zergling x10, Ultralisk x2  
  164  19:19  Zergling x2  
  163  19:43  Zergling x8  
  166  19:45  Zergling x4  
  166  19:46  Zergling x2  
  147  19:59  Zergling x6, Ultralisk  
  133  20:00  Zergling x16  
  133  20:01  Zergling x4  
  86  20:36  Zergling x10  
  86  20:37  Zergling x2, Ultralisk x3  
  103  20:50  Zergling x2, Ultralisk x2  
  109  21:11  Zergling x4, Ultralisk  
  115  21:12  Hatchery  
  115  21:13  Hatchery  
  113  21:18  Hatchery  
  113  21:19  Hatchery  
  113  21:20  Hatchery  
  113  21:22  Hatchery x2  
  96  21:27  Hatchery  
  72  21:45  Zergling x4  
  72  21:46  Zergling x4  
Show
View Real Time Build Order
Export as new Build Order

theswatdk Zerg - Winner!

Build Orders: Pool First 

Get SALT Encoding   

  12  0:05  Drone  
  13  0:13  Overlord  
  13  0:23  Drone  
  14  0:37  Drone  
  14  0:38  Spawning Pool  
  14  0:42  Drone  
  15  0:45  Extractor  
  14  0:53  Drone x2  
  16  1:28  Hatchery  
  16  1:32  Drone x2  
  17  1:33  Drone  
  17  1:39  Queen  
  20  1:45  Zergling x2  
  21  1:58  Zergling x2  
  22  2:07  Overlord  
  22  2:10  Metabolic Boost  
  22  2:25  Zergling x2  
  22  2:28  Drone  
  24  2:41  Drone  
  24  2:43  Queen  
  27  2:45  Drone  
  28  2:54  Zergling x6  
  28  2:55  Zergling x2  
  28  2:58  Zergling x2  
  32  3:06  Zergling x2  
  24  3:36  Zergling x2  
  24  3:37  Zergling x10  
  28  3:43  Zergling x6  
  28  4:14  Zergling x10  
  28  4:15  Zergling x2  
  33  4:21  Roach Warren  
  27  4:35  Queen  
  27  4:37  Zergling x12  
  35  4:50  Drone  
  35  4:52  Overlord  
  35  5:01  Roach  
  35  5:02  Roach  
  35  5:05  Roach  
  34  5:40  Roach  
  34  5:41  Roach x5  
  42  5:51  Drone  
  43  6:09  Lair  
  43  6:10  Extractor  
  42  6:14  Evolution Chamber  
  42  6:15  Drone, Evolution Chamber  
  42  6:16  Drone x3  
  44  6:24  Overlord  
  44  6:25  Overlord x2  
  44  6:42  Queen  
  46  6:54  Drone x6  
  49  6:55  Drone x2  
  49  6:58  Zerg Ground Armor Level 1  
  49  7:01  Hatchery, Drone  
  54  7:10  Queen  
  54  7:15  Zerg Missile Weapons Level 1  
  56  7:28  Roach x3  
  56  7:29  Roach  
  64  7:30  Drone  
  64  7:32  Drone x2  
  64  7:37  Drone  
  68  7:56  Hatchery  
  68  7:57  Extractor, Drone x2  
  68  7:58  Extractor, Overlord  
  67  8:22  Drone x4  
  67  8:23  Drone x4  
  67  8:25  Drone x2  
  77  8:28  Queen  
  79  8:35  Spore Crawler  
  79  8:38  Spore Crawler  
  77  8:41  Spore Crawler  
  76  8:48  Roach  
  76  8:49  Roach x2  
  82  9:08  Drone  
  82  9:09  Drone x5  
  64  9:32  Roach x11  
  82  9:44  Drone x3  
  82  9:45  Drone x3  
  88  9:51  Zerg Ground Armor Level 2  
  88  9:59  Overlord x2  
  88  10:00  Overlord  
  82  10:14  Roach  
  82  10:15  Roach x2  
  82  10:20  Overlord x2  
  88  10:21  Drone  
  88  10:22  Drone  
  88  10:23  Drone x3  
  88  10:24  Drone x2  
  95  10:32  Glial Reconstitution  
  95  10:34  Zerg Missile Weapons Level 2  
  95  10:42  Infestation Pit  
  94  10:45  Hydralisk Den  
  93  10:51  Overlord x2  
  93  10:52  Overlord  
  93  10:54  Drone x5  
  93  10:55  Drone x3  
  101  10:58  Extractor  
  101  11:00  Extractor x2, Drone x3  
  101  11:01  Drone x3, Extractor  
  103  11:27  Overseer  
  103  11:30  Pneumatized Carapace  
  103  11:42  Zergling x2  
  103  11:43  Zergling x12  
  103  11:44  Zergling x2  
  111  11:48  Hive  
  111  11:50  Tunneling Claws  
  111  11:51  Grooved Spines  
  111  12:01  Drone  
  111  12:02  Drone  
  111  12:06  Drone x6  
  111  12:07  Hydralisk x4  
  111  12:08  Hydralisk x7  
  133  12:47  Hydralisk x3, Zergling x4  
  133  12:48  Hydralisk x4  
  133  12:49  Zergling x6  
  152  12:52  Overlord x2  
  152  12:53  Overlord x4  
  152  13:02  Muscular Augments  
  152  13:10  Queen  
  154  13:13  Zergling x2  
  154  13:14  Zergling x24  
  134  13:42  Hydralisk x11, Zergling x2  
  134  13:43  Hydralisk x2  
  134  13:46  Queen  
  152  14:04  Zergling x4  
  152  14:05  Hydralisk, Zergling x14  
  152  14:06  Hydralisk x2  
  167  14:23  Zerg Missile Weapons Level 3, Zerg Ground Armor Level 3  
  167  14:31  Adrenal Glands  
  167  14:35  Baneling Nest  
  166  14:42  Drone x2, Ultralisk Cavern  
  166  14:44  Hydralisk x6  
  166  14:45  Hydralisk  
  181  14:46  Zergling x10  
  181  14:47  Zergling x8  
  190  15:18  Centrifical Hooks  
  190  15:24  Baneling  
  190  15:25  Baneling x7  
  190  15:26  Baneling x3  
  188  15:38  Overlord x3  
  188  15:40  Overseer x2  
  188  15:56  Ultralisk  
  185  17:00  Zerg Melee Weapons Level 1  
  167  17:19  Ultralisk  
  167  17:20  Ultralisk x4  
  197  17:27  Drone x2  
  199  17:37  Chitinous Plating  
  154  18:12  Hydralisk x4  
  144  18:13  Hydralisk x2, Zergling x2  
  144  18:14  Zergling x10  
  144  18:15  Ultralisk x6  
  144  18:16  Zergling x6  
  179  18:52  Zergling x2  
  179  18:53  Hydralisk x5, Zergling x2  
  179  18:54  Zergling x4  
  179  18:55  Anabolic Synthesis, Ultralisk x3  
  184  18:56  Hydralisk, Zergling x6, Ultralisk x2  
  179  19:27  Hydralisk, Swarm Host  
  179  19:28  Hydralisk x4  
  179  19:31  Overlord x4  
  192  19:37  Zerg Melee Weapons Level 2  
  188  20:06  Hydralisk x12  
  190  20:27  Hydralisk x8  
  169  21:36  Hydralisk x7  
  169  21:37  Hydralisk x14  
Show
View Real Time Build Order
Export as new Build Order

Kirkez Protoss - Winner!

Build Orders: Oracle Opening 

Get SALT Encoding   

  12  0:01  Probe  
  13  0:13  Probe  
  14  0:17  Pylon  
  14  0:25  Probe  
  15  0:35  Gateway  
  15  0:37  Probe  
  16  0:43  Assimilator  
  16  0:49  Probe  
  17  1:01  Probe  
  18  1:13  Probe  
  19  1:22  Cybernetics Core  
  19  1:26  Probe  
  19  1:27  Pylon  
  20  1:34  Assimilator  
  20  1:38  Probe, Zealot  
  23  1:50  Probe  
  23  1:53  Warp Gate (Chrono Boost)  
  24  2:03  Probe  
  24  2:05  Stalker  
  27  2:16  Probe  
  28  2:22  Stargate  
  28  2:24  Gateway  
  28  2:26  Forge  
  28  2:28  Probe  
  29  2:36  Stalker  
  31  2:45  Pylon  
  31  3:03  Probe, Oracle (Chrono Boost)  
  31  3:04  Gateway  
  35  3:15  Probe  
  36  3:31  Stalker  
  38  3:36  Pylon  
  34  3:47  Void Ray (Chrono Boost)  
  34  3:48  Stalker  
  33  3:56  Stalker  
  33  4:01  Zealot  
  32  4:14  Zealot  
  34  4:37  Stalker x2  
  36  4:50  Void Ray (Chrono Boost)  
  36  4:57  Probe  
  41  5:09  Probe  
  41  5:13  Stalker  
  41  5:14  Pylon  
  44  5:16  Stalker  
  46  5:21  Probe  
  47  5:37  Stalker x2  
  47  5:40  Stalker  
  53  6:00  Nexus  
  53  6:07  Stalker  
  55  6:22  Pylon  
  55  6:26  Robotics Facility  
  55  6:46  Stalker x2  
  59  6:47  Stalker  
  61  6:57  Pylon  
  61  7:01  Probe  
  62  7:11  Pylon  
  62  7:12  Pylon  
  62  7:13  Probe  
  63  7:17  Observer  
  63  7:18  Protoss Ground Weapons Level 1 (Chrono Boost)  
  63  7:19  Probe  
  65  7:25  Probe  
  66  7:31  Probe  
  66  7:33  Shield Battery  
  67  7:38  Probe  
  68  7:45  Shield Battery  
  68  7:49  Stalker x2  
  72  7:53  Stalker  
  74  8:01  Assimilator  
  74  8:05  Assimilator  
  74  8:17  Stalker x3  
  80  8:25  Probe x2  
  82  8:37  Probe  
  82  8:38  Pylon  
  83  8:49  Stalker x3  
  89  9:04  Twilight Council  
  89  9:07  Gateway  
  89  9:08  Gateway  
  63  9:46  Stalker x3  
  58  10:15  Stalker x5  
  58  10:19  Probe  
  58  10:20  Probe  
  70  10:26  Blink (Chrono Boost)  
  70  10:27  Robotics Bay  
  70  10:32  Probe  
  71  10:36  Gateway  
  71  10:37  Gateway  
  71  10:39  Gateway  
  71  10:41  Protoss Ground Armor Level 1 (Chrono Boost)  
  71  10:43  Pylon  
  71  10:45  Stalker x3  
  71  10:46  Stalker  
  71  10:47  Pylon  
  79  10:50  Pylon  
  79  10:53  Observer  
  79  11:11  Observer  
  80  11:24  Sentry x2  
  84  11:26  Stalker x2  
  84  11:29  Stalker  
  90  11:36  Nexus  
  90  11:43  Assimilator  
  90  11:48  Assimilator  
  90  11:50  Pylon  
  90  11:51  Disruptor (Chrono Boost)  
  90  11:53  Pylon  
  93  12:08  Pylon  
  93  12:10  Pylon  
  93  12:20  Disruptor  
  96  12:23  Observer  
  96  12:24  Charge (Chrono Boost)  
  96  12:26  Zealot x5  
  96  12:27  Zealot  
  108  12:48  Stalker x3  
  108  12:49  Stalker x2  
  111  13:08  Stalker  
  111  13:09  Stalker x2  
  85  13:29  Stalker  
  85  13:30  Stalker x4  
  83  13:40  Stalker  
  83  13:41  Stalker x2  
  63  13:58  Disruptor  
  66  14:05  Probe  
  66  14:06  Probe x2  
  69  14:12  Protoss Ground Weapons Level 2 (Chrono Boost), Assimilator  
  69  14:18  Probe x2  
  71  14:26  Disruptor (Chrono Boost)  
  71  14:35  Sentry x3  
  80  14:59  Disruptor (Chrono Boost)  
  83  15:10  Robotics Facility  
  83  15:25  Nexus  
  83  15:27  Pylon  
  83  15:32  Zealot  
  83  15:33  Zealot x3  
  91  15:37  Sentry x2  
  91  15:38  Sentry  
  96  15:57  Stalker x4  
  101  16:49  Immortal x2  
  108  16:57  Stalker x3  
  108  16:58  Stalker  
  108  17:01  Sentry  
  118  17:02  Sentry  
  118  17:03  Sentry  
  122  17:27  Protoss Ground Weapons Level 3  
  122  17:28  Immortal x2  
  130  17:34  Forge  
  130  17:37  Stalker x2  
  130  17:39  Robotics Facility  
  130  17:43  Gateway  
  130  18:05  Stalker x2  
  118  18:06  Stalker x3  
  122  18:15  Stalker x2  
  122  18:17  Probe  
  122  18:18  Probe  
  128  18:26  Pylon  
  128  18:30  Observer x2  
  130  18:51  Observer x2  
  108  19:16  Stalker  
  108  19:17  Stalker x5  
  112  19:40  Observer x2  
  102  20:28  Sentry x3  
Tags
 
Add a new tag
Caveats
  • Supply blocks, unpowered buildings, or Contaminate may cause inaccurate times.
  • Supply counts are checked every 10 seconds.